 Dungeon Crawl Stone Soup version 0.21-a0-2-ge494091 (webtiles) character file.

39778 Deathtrap2010 the Severer (level 13, -21/117 HPs)
             Began as a Minotaur Fighter on May 21, 2017.
             Was an Initiate of Gozag.
             Killed from afar by Frances (22 damage)
             ... with a shard of ice
             ... on level 14 of the Dungeon.
             The game lasted 01:02:20 (12748 turns).

Deathtrap2010 the Severer (Minotaur Fighter)       Turns: 12748, Time: 01:02:23

Health: -21/117    AC: 20    Str: 28    XL:     13   Next: 71%
Magic:  14/14      EV: 17    Int:  5    God:    Gozag
Gold:   355        SH: 16    Dex: 10    Spells: 15/15 levels left

rFire    + + +     SeeInvis .   g - +0 eveningstar
rCold    + . .     Gourm    .   c - +2 shield
rNeg     . . .     Faith    .   d - +6 chain mail of Sieperani {rElec Str+2}
rPois    .         Spirit   .   (helmet restricted)
rElec    +         Reflect  .   k - scarf {rC+ rF+}
rCorr    .         Harm     .   e - +0 pair of gloves
MR       +....     Clarity  +   n - +0 pair of boots
Stlth    ..........             (no amulet)
Regen    0.3/turn               r - +5 ring of evasion
MPRegen  0.2/turn               q - ring of protection from fire

@: lethally poisoned (-21 -> -37), studying Crossbows
A: retaliatory headbutt, fangs 1, horns 2, clarity, fire resistance 1, magic
resistance 1
a: Potion Petition, Call Merchant, Bribe Branch, Renounce Religion


You were on level 14 of the Dungeon.
You worshipped Gozag.
Gozag was aware of your devotion.
You were not hungry.

You visited 2 branches of the dungeon, and saw 15 of its levels.

You collected 3085 gold pieces.
You spent 323 gold pieces at shops.
You paid 2407 gold pieces to Gozag.

Inventory:

Hand Weapons
 a - a +2 war axe of venom
 g - a +0 eveningstar (weapon)
Armour
 c - a +2 shield (worn)
 d - the +6 chain mail of Sieperani (worn) {rElec Str+2}
   (You bought it in a shop on level 10 of the Dungeon)

   It affects your strength (+2).
   It insulates you from electricity.
 e - a +0 pair of gloves (worn)
 k - a scarf of resistance (worn)
 n - a +0 pair of boots (worn)
Jewellery
 q - a ring of protection from fire (right hand)
 r - a +5 ring of evasion (left hand)
Wands
 j - a wand of enslavement (14/24)
 l - a wand of disintegration (6/24)
Scrolls
 f - 7 scrolls of identify
 h - 3 scrolls of teleportation
 m - 6 scrolls of remove curse
 u - a scroll of enchant armour
 v - a scroll of amnesia
 y - a scroll of magic mapping
Potions
 i - 4 potions of lignification
 w - 2 potions of brilliance
 z - a potion of flight
Books
 b - a manual of Crossbows
Comestibles
 o - 17 fruits
 p - 9 meat rations
 t - 2 bread rations


   Skills:
 * Level 11.8 Fighting
 * Level 16.6 Axes
 * Level 10.8 Armour
 * Level 8.7 Dodging
 * Level 13.6 Shields
 - Level 1.9 Spellcasting


You had 15 spell levels left.
You didn't know any spells.

Dungeon Overview and Level Annotations

Branches:
Dungeon (14/15)            Temple (1/1) D:6            Lair (0/6) D:11
    Orc (0/2) D:11         Vaults (0/5) D:13

Altars:
Ashenzari
Cheibriados
Dithmenos
Elyvilon
Fedhas
Gozag
Kikubaaqudgha
Makhleb
Nemelex Xobeh
Okawaru
Qazlal
Ru
Sif Muna
Trog
Uskayaw
Vehumet
Wu Jian
Xom
Yredelemnul
Zin
The Shining One

Shops:
D:6 *   D:10 [   D:12 (   D:13 }=

Portals:
Trove: D:12 (give +5 ice dragon scales)

Annotations:
D:8 Maurice
D:14 Frances


Innate Abilities, Weirdness & Mutations

You reflexively headbutt those who attack you in melee.
You have a pair of horns on your head.
You have very sharp teeth.
You possess an exceptional clarity of mind.
Your flesh is heat resistant. (rF+)
You are resistant to hostile enchantments. (MR+)


Message History

The shard of ice hits you! You partially resist.
* * * LOW HITPOINT WARNING * * *
The ice devil hits you but does no damage.
You barely miss Frances. Your bite misses Frances.
Frances is lightly wounded.
* * * LOW HITPOINT WARNING * * *
You feel sick. Frances barely misses you. You furiously retaliate!
You headbutt Frances. You block the ice devil's attack.
The ice devil misses you. You furiously retaliate!
You headbutt the ice devil, but do no damage.
Unknown command.
You completely miss Frances. You headbutt Frances! Your bite misses Frances.
Frances is lightly wounded.
* * * LOW HITPOINT WARNING * * *
You feel sick. Frances hits you but does no damage.
You block the ice devil's attack.
Frances chants phrases taken from a devil's mouth.
The shard of ice hits you! You partially resist.
You die...
Your body crumbles into a pile of gold.

##...##...#..............>#
....##.............#.<.####
##..# ..#.##...........#
#.## #. #...........# ##.#
#.....##.......# ...#
#.###.##......### #..# #
#.##4......>. #.##
#.##@4....... ..# ..
#@4.##...... .## #####
###### .# ## $


You could see Frances, 2 ice devils and a chaos spawn.

Vanquished Creatures
  A fire dragon (D:14)
  A rakshasa (D:14)
  4 vault guards (D:13)
  Erolcha (D:9)
  2 hydras (D:14)
  6 two-headed ogres
  5 centaur warriors
  Urug (D:14)
  The ghost of Copingsaw the Transmogrifier, a novice OpTm of Cheibriados (D:9)
  An unseen horror (D:14)
  A flayed ghost (D:14)
  2 deep elf archers (D:13)
  An orc knight (D:13)
  2 deep elf magi
  8 ugly things
  A wolf spider (D:14)
  8 cyclopes
  An orc sorcerer (D:13)
  Joseph (D:10)
  A centaur zombie (D:13)
  A komodo dragon (D:13)
  A yaktaur (D:13)
  A tengu conjurer (D:13)
  2 trolls (D:12)
  A merfolk (D:12)
  A hornet (D:12)
  11 slime creatures
  3 hippogriffs
  3 shadows
  Grum (D:8)
  2 wraiths
  10 yaks
  A hungry ghost (D:13)
  3 basilisks
  A steam dragon (D:13)
  2 vampire mosquitoes (D:14)
  Menkaure (D:6)
  2 wargs (D:11)
  2 soldier ants
  5 ice beasts
  2 necrophages (D:12)
  7 orc warriors
  A phantom (D:9)
  3 sky beasts
  A black bear (D:10)
  An eye of draining (D:14)
  3 wolves (D:8)
  7 centaurs
  4 ogres
  2 crocodiles
  2 big kobolds
  4 bullfrogs
  A water moccasin zombie (D:10)
  6 scorpions
  A wyvern skeleton (D:12)
  3 killer bees (D:10)
  3 howler monkeys
  9 wights
  5 crimson imps
  2 bullfrog zombies
  2 jellies
  19 orc wizards
  A quasit (D:7)
  3 centaur skeletons
  7 orc priests
  5 hounds
  4 iguanas
  4 bullfrog skeletons
  9 worker ants
  A hound skeleton (D:7)
  2 worker ant zombies
  3 gnolls (D:9)
  18 adders
  A shadow imp (D:6)
  An ooze (D:1)
  2 adder skeletons (D:4)
  3 adder zombies
  2 worms (D:3)
  5 dart slugs
  3 leopard geckos
  35 orcs
  4 giant cockroaches
  7 goblins
  7 hobgoblins
  2 jackals (D:8)
  10 kobolds
  6 quokkas
  3 ball pythons
  9 bats
  6 frilled lizards (D:1)
  A leopard gecko skeleton (D:4)
  A quokka zombie (D:7)
  13 rats
  2 plants (Temple)
371 creatures vanquished.

Notes
Turn   | Place    | Note
-------+----------+-------------------------------------------
     0 | D:1      | Deathtrap2010 the Minotaur Fighter began the quest for the Orb.
     0 | D:1      | Reached XP level 1. HP: 19/19 MP: 0/0
    51 | D:1      | Reached XP level 2. HP: 25/27 MP: 1/1
   433 | D:1      | Reached skill level 3 in Axes
   588 | D:1      | Reached XP level 3. HP: 33/33 MP: 2/2
   733 | D:1      | You fall through a shaft!
   768 | D:2      | Found a sparkling altar of Nemelex Xobeh.
   974 | D:2      | Reached XP level 4. HP: 40/40 MP: 3/3
  1023 | D:2      | Reached skill level 4 in Axes
  1063 | D:2      | Gained mutation: You have very sharp teeth. [potion of mutation]
  1063 | D:2      | Gained mutation: Your flesh is heat resistant. (rF+) [potion of mutation]
  1063 | D:2      | Gained mutation: You possess an exceptional clarity of mind. [potion of mutation]
  1063 | D:2      | Gained mutation: You are resistant to hostile enchantments. (MR+) [potion of mutation]
  1121 | D:2      | Found an ancient bone altar of Kikubaaqudgha.
  1249 | D:2      | Found a faded altar of an unknown god.
  1277 | D:2      | Became a worshipper of Sif Muna the Loreminder
  1277 | D:2      | Reached * piety under Sif Muna
  1295 | D:2      | Reached skill level 1 in Dodging
  1769 | D:3      | Reached XP level 5. HP: 30/46 MP: 4/4
  1818 | D:3      | Found an ornate altar of the Wu Jian Council.
  2446 | D:4      | Reached skill level 5 in Axes
  2446 | D:4      | Reached XP level 6. HP: 47/53 MP: 5/5
  2504 | D:4      | Found a deep blue altar of Sif Muna.
  2673 | D:4      | Reached skill level 5 in Shields
  2825 | D:4      | Reached skill level 6 in Axes
  2828 | D:4      | Reached XP level 7. HP: 13/60 MP: 7/7
  3068 | D:4      | Reached skill level 1 in Spellcasting
  3311 | D:5      | Entered Level 5 of the Dungeon
  3335 | D:5      | Reached skill level 5 in Armour
  3588 | D:5      | Found a bloodstained altar of Trog.
  3701 | D:6      | Reached skill level 5 in Fighting
  3701 | D:6      | Reached skill level 7 in Axes
  3712 | D:6      | Reached ** piety under Sif Muna
  3758 | D:6      | Reached XP level 8. HP: 52/68 MP: 9/9
  3991 | D:6      | Found a staircase to the Ecumenical Temple.
  3997 | Temple   | Entered the Ecumenical Temple
  4366 | D:6      | Noticed Menkaure
  4374 | D:6      | Killed Menkaure
  4374 | D:6      | Reached skill level 8 in Axes
  4380 | D:6      | Found an opulent altar of Gozag.
  4386 | D:6      | Found Gozag's Platinum Reserve.
  4470 | D:6      | Fell from the grace of Sif Muna
  4470 | D:6      | Became a worshipper of Gozag Ym Sagoz the Greedy
  5139 | D:7      | Reached skill level 9 in Axes
  5211 | D:7      | Found a glowing silver altar of Zin.
  5213 | D:7      | Noticed a hippogriff
  5234 | D:7      | Killed a hippogriff
  5234 | D:7      | Reached XP level 9. HP: 52/75 MP: 10/10
  5582 | D:8      | Noticed a two-headed ogre
  5586 | D:8      | Noticed Maurice
  5822 | D:8      | Noticed Grum
  5836 | D:8      | Reached skill level 10 in Axes
  5843 | D:8      | Killed Grum
  6115 | D:8      | Noticed a two-headed ogre
  6122 | D:8      | Killed a two-headed ogre
  6182 | D:8      | Killed a two-headed ogre
  6182 | D:8      | Reached skill level 11 in Axes
  6182 | D:8      | Reached XP level 10. HP: 57/86 MP: 11/11
  6605 | D:9      | Found a snail-covered altar of Cheibriados.
  6624 | D:9      | Noticed Erolcha
  6641 | D:9      | Killed Erolcha
  6641 | D:9      | Reached skill level 5 in Dodging
  6798 | D:9      | Noticed Copingsaw's ghost (novice OpTm)
  6817 | D:9      | Killed Copingsaw's ghost
  6824 | D:9      | Noticed a cyclops
  6826 | D:9      | Found a large runed door.
  6827 | D:9      | Found a large runed door.
  6846 | D:9      | Noticed a centaur warrior
  6885 | D:9      | Found an iron altar of Okawaru.
  6893 | D:9      | Killed a centaur warrior
  6893 | D:9      | Reached skill level 12 in Axes
  6898 | D:9      | Killed a cyclops
  6909 | D:9      | Found an iron altar of Okawaru.
  6974 | D:9      | Noticed a two-headed ogre
  6985 | D:9      | Killed a two-headed ogre
  7596 | D:10     | Entered Level 10 of the Dungeon
  7606 | D:10     | Reached skill level 10 in Shields
  7606 | D:10     | Reached XP level 11. HP: 94/94 MP: 12/12
  7642 | D:10     | Bought a black opal-studded chain mail for 323 gold pieces
  7642 | D:10     | Identified the +6 chain mail of Sieperani {rElec Str+2} (You bought it in a shop on level 10 of the Dungeon)
  7839 | D:10     | Noticed Joseph
  7853 | D:10     | Killed Joseph
  8259 | D:11     | Noticed a cyan ugly thing
  8277 | D:11     | Killed a cyan ugly thing
  8318 | D:11     | Found a staircase to the Orcish Mines.
  8323 | D:11     | Found a staircase to the Lair.
  8380 | D:11     | Reached skill level 13 in Axes
  9077 | D:12     | Got a fine flail
  9078 | D:12     | Identified the +10 flail of Evolution {protect, *Slow rPois Str+6 Dex-5} (You found it on level 12 of the Dungeon)
  9198 | D:12     | Found a portal to a secret trove of treasure.
  9426 | D:12     | Noticed a deep elf mage
  9435 | D:12     | Killed a deep elf mage
  9680 | D:12     | Reached skill level 14 in Axes
  9790 | D:13     | Noticed a deep elf archer
  9790 | D:13     | Noticed a vault guard
  9819 | D:13     | Reached XP level 12. HP: 102/104 MP: 7/13
  9837 | D:13     | Found Lahuogew's Jewellery Shoppe.
  9889 | D:13     | Noticed a centaur warrior
  9902 | D:13     | Killed a centaur warrior
 10213 | D:13     | Found Minoutis's Gadget Emporium.
 10301 | D:13     | Reached skill level 15 in Axes
 10336 | D:13     | Noticed a vault guard
 10345 | D:13     | Reached skill level 10 in Fighting
 10389 | D:13     | Noticed a two-headed ogre
 10411 | D:13     | Killed a two-headed ogre
 10411 | D:13     | Reached skill level 10 in Armour
 10682 | D:13     | Noticed a vault guard
 10915 | D:13     | Killed a vault guard
 10923 | D:13     | Killed a vault guard
 10968 | D:13     | Killed a vault guard
 10982 | D:13     | Found a gate to the Vaults.
 10982 | D:13     | Noticed a vault guard
 10995 | D:13     | Killed a vault guard
 11112 | D:14     | Noticed Urug
 11116 | D:14     | Noticed a seven-headed hydra
 11129 | D:14     | Killed a ten-headed hydra
 11129 | D:14     | Reached XP level 13. HP: 115/115 MP: 14/14
 11130 | D:14     | Killed Urug
 11223 | D:14     | Reached skill level 16 in Axes
 11319 | D:14     | HP: 5/116 [something (3)]
 11329 | D:14     | HP: 5/116 [something (3)]
 11369 | D:14     | Noticed a fire dragon
 11884 | D:14     | Killed a fire dragon
 12217 | D:14     | Was forgiven by Sif Muna
 12732 | D:14     | Noticed Frances
 12746 | D:14     | HP: 4/117 [Frances/shard of ice (29)]
 12748 | D:14     | HP: 1/117 [poisoned by Frances]
 12748 | D:14     | Killed from afar by Frances

Vault maps used:
D:1:      lemuel_arrival_hallway, minmay_rat_gold_closets
D:2:      lemuel_round_altar, first_bread,
          chequers_ecumenical_altar_simple_redux, st_stairs_5,
          nemelex_altar_shiori
D:3:      lemuel_round_altar, marbit_many_paths
D:4:      kennysheep_mini_moat, dk_vineyard_2
D:5:      lightli_temple_of_fire, serial_bayou_pond_e
D:6:      nicolae_gozag_zags_fifth_avenue, minmay_temple_entry_fiery,
          uniq_menkaure
D:7:      basic_altar
D:8:      uniq_grum, uniq_maurice
D:9:      okawaru_arena_lexackson, lemuel_round_altar, uniq_erolcha
D:10:     uniq_joseph
D:11:     erik_lair_orcish_takeover, orc_0_dummy, uniq_harold
D:12:     trove_entry_hex_spiral, hangedman_stone_soup
D:13:     nooodl_glass_maze, grunt_vaults_entry_fortified, serial_shops,
          nicolae_shop_behind_doors, kennysheep_mini
D:14:     minmay_swirls_squares, serial_shops, nicolae_shop_trees,
          minmay_fountain_box, uniq_frances, uniq_urug, uniq_roxanne,
          uniq_louise
Temple:   regret_index_temple_generic_petals

Skill      XL: |  1  2  3  4  5  6  7  8  9 10 11 12 13 |
---------------+----------------------------------------+-----
Fighting       | 4 5 6 7 8 9 10 11 | 11.8
Axes           | 3 4 5 6 7 9 11 12 14 15 16 | 16.6
Shields        | 4 5 6 7 8 10 11 12 13 | 13.6
Armour         | 4 5 7 8 9 10 | 10.8
Dodging        | 1 2 3 4 5 6 7 8 |  8.7
Spellcasting   | 1 |  1.9

Action                   |  1- 3 |  4- 6 |  7- 9 | 10-12 | 13-15 || total
-------------------------+-------+-------+-------+-------+-------++-------
Melee: War axe           |    77 |   127 |   259 |   496 |   160 ||  1119
       Headbutt          |     6 |    12 |    53 |   118 |    49 ||   238
       Bite              |       |     8 |    25 |    70 |    29 ||   132
       Eveningstar       |       |       |       |       |     7 ||     7
Invok: Call Merchant     |       |       |       |     2 |       ||     2
       Potion Petition   |       |       |       |     1 |     2 ||     3
  Use: Scroll            |     3 |     5 |     5 |    10 |     4 ||    27
       Potion            |     2 |     4 |     4 |     8 |     2 ||    20
 Stab: Distracted        |       |       |       |     1 |     1 ||     2
  Eat: Bread ration      |       |     2 |     1 |     1 |       ||     4
       Royal jelly       |       |       |     3 |     6 |     2 ||    11
       Fruit             |       |       |       |       |     5 ||     5
Armor: Scale mail        |    44 |    51 |     3 |       |       ||    98
       Chain mail        |       |       |    89 |    92 |    68 ||   249
       Plate armour      |       |       |    10 |    28 |       ||    38
Dodge: Dodged            |    29 |    42 |    77 |   166 |   102 ||   416
Block: Shield            |    50 |    95 |   154 |   342 |   127 ||   768
